 Dungeon Crawl Stone Soup version 0.30.1-4-g462c640d31 (webtiles) character file.

Game seed: 14531034350309973480

32345 arthad the Fighter (level 13, 0/105 HPs)
             Began as a Demonspawn Gladiator on Aug 18, 2023.
             Was the Champion of Okawaru.
             Slain by a +3 long sword (10 damage)
             ... on level 14 of the Dungeon.
             The game lasted 00:42:47 (12945 turns).

arthad the Fighter (Demonspawn Gladiator)          Turns: 12945, Time: 00:42:48

Health: 0/105      AC: 11    Str: 19    XL:     13   Next: 30%
Magic:  19/19      EV: 24    Int: 12    God:    Okawaru [******]
Gold:   1260       SH:  5    Dex: 22    Spells: 10/12 levels left

rFire   + + +        o - +5 executioner's axe (vamp)
rCold   . . .        (shield currently unavailable)
rNeg    . . .        V - +3 leather armour {rF+}
rPois   +            m - +1 helmet {Int+3}
rElec   .            (no cloak)
rCorr   .            O - +0 pair of gloves
SInv    .            e - +0 pair of boots of Mental Paralysis {rF++}
Will    .....        i - amulet of reflection
Stlth   +++++++      u - ring of poison resistance
HPRegen 0.37/turn    p - +5 ring of evasion
MPRegen 0.16/turn

%: reflection
@: no status effects
A: thin skeletal structure 3, ignite blood 2, spiny 1, weakness stinger 2
a: Renounce Religion, Heroism, Finesse, Duel


You were on level 14 of the Dungeon.
You worshipped Okawaru.
Okawaru was exalted by your worship.
You visited 2 branches of the dungeon, and saw 15 of its levels.
You also visited: Gauntlet.

You collected 1260 gold pieces.

Inventory:

Hand Weapons
 o - a +5 vampiric executioner's axe (weapon)
 s - a +1 broad axe of electrocution
 K - the +6 quarterstaff "Guged Axa" {flame, Fly rF+ Dex+3}
   (You found it on level 12 of the Dungeon)

   Dex:       It affects your dexterity (+3).
   rF:        It protects you from fire.
   Fly:       It grants you flight.
 N - a +1 war axe of flaming
 W - a +1 battleaxe of electrocution
Missiles
 d - 4 throwing nets
 j - 3 datura-tipped darts
 q - an atropa-tipped dart
 D - 7 javelins (quivered)
 L - 2 boomerangs
 R - 21 poisoned darts
 S - 5 curare-tipped darts
 X - 4 silver javelins
Armour
 e - the +0 pair of boots of Mental Paralysis (worn) {rF++}
   (You found it on level 6 of the Dungeon)

   rF:        It greatly protects you from fire.
 m - a +1 helmet of intelligence (worn)
 z - the +1 pair of boots "Iggorhyq" {rF- rN++ Will+ Stlth+}
   (Okawaru gifted it to you on level 11 of the Dungeon)

   rF:        It makes you vulnerable to fire.
   rN:        It greatly protects you from negative energy.
   Will:      It increases your willpower.
   Stlth:     It makes you more stealthy.
 J - a +4 plate armour of cold resistance
 O - a +0 pair of gloves (worn)
 V - a +3 leather armour of fire resistance (worn)
Magical Staves
 U - the staff of cold "Cavudaam" {rPois rC+ Will++ Int-5}
   (You found it in a Gauntlet)

   [staff of cold]

   Base accuracy: +5 Base damage: 5 Base attack delay: 1.2 This weapon's minimum
   attack delay (0.6) is reached at skill level 12.
   Int:       It affects your intelligence (-5).
   rC:        It protects you from cold.
   rPois:     It protects you from poison.
   Will:      It greatly increases your willpower.
   It falls into the 'Staves' category.
   It is a one-handed weapon.
Jewellery
 a - the amulet "Aturuan" {Acrobat Rampage}
   (You found it in a Gauntlet)

   [amulet of the acrobat]

   It increases your evasion while moving and waiting.
   Rampage:   It bestows one free step when moving towards enemies.
 c - a +4 ring of protection
 i - an amulet of reflection (around neck)
 l - a ring of protection from fire
 p - a +5 ring of evasion (right hand)
 u - a ring of poison resistance (left hand)
 E - a ring of resist corrosion
 M - a ring of see invisible
 Z - an amulet of regeneration
Wands
 x - a wand of polymorph (15)
 y - a wand of iceblast (11)
 A - a wand of quicksilver (3)
Scrolls
 f - a scroll of blinking
 g - 4 scrolls of enchant armour
 h - 3 scrolls of poison
 n - 3 scrolls of fog
 w - a scroll of brand weapon
 B - 7 scrolls of teleportation
 F - a scroll of immolation
 G - a scroll of amnesia
 Q - a scroll of silence
Potions
 b - 2 potions of brilliance
 k - 3 potions of haste
 r - 7 potions of mutation
 t - a potion of invisibility
 v - 2 potions of might
 C - 6 potions of curing
 H - 2 potions of flight
 I - a potion of berserk rage
 P - a potion of resistance {unknown}
 T - a potion of cancellation
Miscellaneous
 Y - a piece from Xom's chessboard (15/15)


   Skills:
 * Level 10.9 Fighting
 * Level 10.2 Axes
 + Level 9.0 Throwing
 + Level 4.0 Armour
 + Level 9.3 Dodging
 - Level 8.2 Stealth
 * Level 8.5 Invocations


You had 10 spell levels left.
You knew the following spells:

 Your Spells              Type           Power      Damage    Failure   Level
a - Blink                 Tloc           0%         N/A       50%         2

Your spell library contained the following spells:

 Spells                   Type           Power      Damage    Failure   Level
 Apportation              Tloc           0%         N/A       36%         1
 Kiss of Death            Conj/Necr      0%         2d5       36%         1
 Sandblast                Erth           0%         2d4       36%         1
 Lesser Beckoning         Tloc           0%         N/A       50%         2
 Passwall                 Tmut/Erth      0%         N/A       50%         2
 Poisonous Vapours        Pois/Air       0%         N/A       50%         2
 Confusing Touch          Hex            0%         N/A       75%         3
 Dazzling Flash           Conj/Hex       0%         N/A       75%         3
 Frozen Ramparts          Ice            0%         1d1       75%         3
 Gell's Gravitas          Tloc           0%         N/A       75%         3
 Portal Projectile        Hex/Tloc       0%         N/A       75%         3
 Stone Arrow              Conj/Erth      0%         3d7       75%         3
 Teleport Other           Tloc           0%         N/A       75%         3
 Dispel Undead            Necr           0%         3d6       98%         4
 Ice Form                 Ice/Tmut       0%         N/A       98%         4
 Manifold Assault         Tloc           0%         N/A       98%         4
 Agony                    Necr           0%         N/A       100%        5
 Alistair's Intoxication  Tmut/Pois      0%         N/A       100%        5
 Arcjolt                  Conj/Air       0%         1d10      100%        5
 Blade Hands              Tmut           0%         N/A       100%        5
 Borgnjor's Vile Clutch   Necr/Erth      0%         N/A       100%        5
 Silence                  Hex/Air        0%         N/A       100%        5
 Eringya's Noxious Bog    Tmut/Pois      0%         N/A       100%        6
 Storm Form               Tmut/Air       0%         N/A       100%        7
 Summon Small Mammal      Summ           Unusable   N/A       N/A         1
 Call Canine Familiar     Summ           Unusable   N/A       N/A         3
 Summon Guardian Golem    Hex/Summ       Unusable   N/A       N/A         3
 Tukima's Dance           Hex            Unusable   N/A       N/A         3
 Summon Ice Beast         Ice/Summ       Unusable   N/A       N/A         4

Dungeon Overview and Level Annotations

Branches:
Dungeon (14/15)            Temple (1/1) D:7            Lair (0/5) D:11
    Orc (0/2) D:11        Gauntlet (visited)
 Vaults: D:13-14

Altars:
Ashenzari
Cheibriados
Dithmenos
Fedhas
Gozag
Hepliaklqana
Kikubaaqudgha
Makhleb
Nemelex Xobeh
Okawaru
Qazlal
Ru
Sif Muna
Trog
Uskayaw
Vehumet
Wu Jian
Xom
Yredelemnul

Shops:
D:2 [   D:3 !   D:7 :((   D:8 [   D:10 (

Annotations:
D:5 3 runed translucent doors, sigtrap's ghost, novice FoHu


Innate Abilities, Weirdness & Mutations

You have an unnaturally thin skeletal structure. (Dex +6, Stealth+++)
Your demonic aura often causes spilled blood to erupt in flames.
You are partially covered in sharp spines.
You have a tail ending in a sharp stinger.


Message History

You completely miss the +3 long sword.
Your tail-slap misses the +3 long sword.
The +3 long sword is moderately damaged.
The +3 long sword misses you.
The +3 long sword hits you but does no damage.
You miss the +3 long sword.
You tail-slap the +3 long sword, but do no damage.
The +3 long sword is moderately damaged.
The +3 long sword hits you but does no damage.
The +3 long sword hits you!
The +3 long sword attacks as you move away!
The +3 long sword is struck by your spines.
The +3 long sword misses you.
The +3 long sword is engulfed in blazing flames.
The +3 long sword barely misses you.
Aiming: Quicksilver Bolt
Press: ? - help, Shift-Dir - straight line, f - +3 long sword
Aim: a +3 long sword (flame, moderately damaged, 43% to hit)
Okay, then.
The +3 long sword attacks as you move away!
The +3 long sword misses you.
You see here a +0 sling.
Aiming: Duel (24% risk of failure)
Press: ? - help, Dir - move target
Okay, then.
Unknown command.
Aiming: Quicksilver Bolt
Press: ? - help, Shift-Dir - straight line, f - +3 long sword
Aim: a +3 long sword (flame, moderately damaged, 43% to hit)
The bolt of dispelling energy hits the +3 long sword.
The +3 long sword is heavily damaged.
The bolt of dispelling energy hits the kobold!
You kill the kobold!
The +3 long sword hits you!!
* * * LOW HITPOINT WARNING * * *
The +3 long sword is engulfed in blazing flames.
The +3 long sword hits you!
* * * LOW HITPOINT WARNING * * *
The +3 long sword hits you!
You die...

######+ .......
######+#### K......
....).....###.K.....
..........).#)......
.........°#.[)K.....
........°.###)......
.......(..# ...#.#.
......☼@..# ..##
###+####### ..$ ..##
... ...


You could see a +3 long sword.

Vanquished Creatures
  Frances (D:13)
  A minotaur (Gauntlet)
  A blizzard demon (Gauntlet)
  A rakshasa (D:10)
  A centaur warrior (D:10)
  3 boulder beetles
  5 death yaks (D:11)
  7 two-headed ogres
  A satyr (shapeshifter) (D:10)
  An orc knight (D:13)
  2 cyclopes
  A manticore (D:12)
  An ugly thing (D:8)
  2 unseen horrors
  3 kobold demonologists
  2 gargoyles
  Psyche (D:7)
  3 meliai (D:13)
  8 trolls
  10 slime creatures
  5 shadows
  4 centaur simulacra
  A human (D:8)
  15 yaks
  A vampire (D:12)
  7 wraiths
  A wyvern (D:6)
  3 hogs (D:8)
  4 steam dragons
  5 vampire mosquitoes
  A warg (D:13)
  4 acid dragons
  4 orc warriors
  3 ice beasts
  2 sky beasts (D:8)
  A black bear (D:5)
  An ogre (D:12)
  10 centaurs
  Blork the orc (D:6)
  6 kobold brigands
  2 bullfrogs (D:8)
  A gnoll sergeant (D:10)
  6 scorpions
  9 wights
  2 howler monkeys
  A lava snake (D:7)
  A wyvern simulacrum (Gauntlet)
  3 jellies
  3 orc priests (D:8)
  A gnoll bouda (D:7)
  3 hounds
  9 orc wizards
  A sleepcap (D:4)
  4 iguanas
  Ijyb (D:4)
  9 adders
  13 gnolls
  2 shadow imps
  2 white imps
  2 ufetubi
  3 dart slugs
  30 orcs
  3 endoplasms
  4 giant cockroaches
  8 hobgoblins
  22 kobolds
  2 quokkas
  5 ball pythons
  4 bats
  7 frilled lizards
  8 goblins
  2 rats
307 creatures vanquished.

Notes
Turn   | Place    | Note
-------+----------+-------------------------------------------
     0 | D:1      | arthad the Demonspawn Gladiator began the quest for the
                  | Orb.
     0 | D:1      | Reached XP level 1. HP: 16/16 MP: 1/1
   199 | D:1      | Gained mutation: You have a somewhat thin skeletal
                  | structure. (Dex +2, Stealth+) [demonic ancestry]
   199 | D:1      | Reached XP level 2. HP: 21/22 MP: 2/2
   843 | D:2      | Found a faded altar of an unknown god.
   858 | D:2      | Gained mutation: You are partially covered in sharp spines.
                  | [demonic ancestry]
   858 | D:2      | Reached XP level 3. HP: 22/28 MP: 3/3
   863 | D:2      | Gained mutation: You have a small tail. [demonic ancestry]
   863 | D:2      | Reached XP level 4. HP: 19/34 MP: 4/4
  1113 | D:2      | Found Lesug's Armour Emporium.
  1267 | D:3      | Found Zydam's Distillery.
  1752 | D:4      | Noticed Ijyb
  1765 | D:4      | Killed Ijyb
  1766 | D:4      | Gained mutation: You have a moderately thin skeletal
                  | structure. (Dex +4, Stealth++) [demonic ancestry]
  1766 | D:4      | Reached XP level 5. HP: 26/41 MP: 5/5
  2537 | D:5      | Entered Level 5 of the Dungeon
  2540 | D:5      | Reached skill level 1 in Stealth
  2547 | D:5      | Gained mutation: Your demonic aura sometimes causes spilled
                  | blood to erupt in flames. [demonic ancestry]
  2547 | D:5      | Reached XP level 6. HP: 28/47 MP: 6/6
  2770 | D:5      | Found a burning altar of Makhleb.
  2772 | D:5      | Noticed an ice beast
  2773 | D:5      | Found a basalt altar of Yredelemnul.
  2785 | D:5      | Killed an ice beast
  2786 | D:5      | Gained mutation: Your demonic aura often causes spilled
                  | blood to erupt in flames. [demonic ancestry]
  2786 | D:5      | Reached XP level 7. HP: 42/54 MP: 7/7
  3356 | D:5      | Found a runed translucent gate.
  3356 | D:5      | Found a runed translucent gate.
  3358 | D:5      | Found a runed translucent gate.
  3360 | D:5      | Noticed sigtrap's ghost (novice FoHu)
  3491 | D:6      | Noticed Blork the orc
  3499 | D:6      | Killed Blork the orc
  3629 | D:6      | Gained mutation: You have an unnaturally thin skeletal
                  | structure. (Dex +6, Stealth+++) [demonic ancestry]
  3629 | D:6      | Reached XP level 8. HP: 38/60 MP: 8/8
  3765 | D:6      | Identified the +0 pair of boots of Mental Paralysis {rF++}
  3798 | D:6      | Found a glowing drain.
  3981 | D:6      | Reached skill level 5 in Fighting
  3981 | D:6      | Reached skill level 5 in Axes
  3981 | D:6      | Reached skill level 5 in Dodging
  4722 | D:7      | Found a staircase to the Ecumenical Temple.
  4739 | D:7      | Reached skill level 5 in Throwing
  4747 | Temple   | Entered the Ecumenical Temple
  5024 | Temple   | Became a worshipper of Warmaster Okawaru
  5072 | D:7      | Found a broken altar of Ashenzari.
  5114 | D:7      | Found Nalaczi's Weapon Shop.
  5127 | D:7      | Reached XP level 9. HP: 9/68 MP: 9/9
  5360 | D:7      | Found Leagy's Book Shop.
  5416 | D:7      | Reached * piety under Okawaru
  5652 | D:7      | Found Pymet's Weapon Emporium.
  5909 | D:8      | Found Erchit's Armour Shop.
  5922 | D:8      | Reached skill level 5 in Stealth
  6013 | D:8      | Noticed Psyche
  6053 | D:7      | Killed Psyche
  6389 | D:8      | Found a large runed translucent door.
  6389 | D:8      | Found a large runed translucent door.
  6393 | D:8      | Found a large runed translucent door.
  6393 | D:8      | Found a large runed translucent door.
  6395 | D:8      | Noticed a brown ugly thing
  6436 | D:8      | Noticed a two-headed ogre
  6757 | D:8      | Reached ** piety under Okawaru
  6761 | D:8      | Reached XP level 10. HP: 51/77 MP: 10/10
  6968 | D:8      | Killed a two-headed ogre
  6968 | D:8      | Reached *** piety under Okawaru
  7046 | D:8      | Noticed a two-headed ogre
  7053 | D:8      | Killed a two-headed ogre
  7283 | D:8      | Killed a brown ugly thing
  7394 | D:9      | Found a blossoming altar of Fedhas.
  7436 | D:9      | Received a gift from Okawaru
  7748 | D:9      | Reached **** piety under Okawaru
  7827 | D:9      | Reached XP level 11. HP: 70/86 MP: 11/11
  7894 | D:9      | Noticed a two-headed ogre
  7919 | D:9      | Killed a two-headed ogre
  8159 | D:10     | Entered Level 10 of the Dungeon
  8231 | D:10     | Received a gift from Okawaru
  8250 | D:10     | Noticed a two-headed ogre
  8254 | D:10     | Killed a two-headed ogre
  8288 | D:10     | Noticed a two-headed ogre
  8297 | D:10     | Killed a two-headed ogre
  8497 | D:10     | Found Sebbi's Antique Weapon Emporium.
  8639 | D:10     | Reached ***** piety under Okawaru
  8858 | D:10     | Received a gift from Okawaru
  8865 | D:10     | Reached skill level 1 in Invocations
  8953 | D:10     | Noticed a boulder beetle
  8953 | D:10     | Noticed a centaur warrior
  8953 | D:10     | Noticed a rakshasa
  9039 | D:10     | Noticed a centaur warrior
  9057 | D:10     | Killed a centaur warrior
  9058 | D:10     | Reached skill level 1 in Armour
  9404 | D:10     | Got the Vellum of the Excursion and Breath
  9432 | D:10     | Killed a boulder beetle
  9432 | D:10     | Received a gift from Okawaru
  9491 | D:10     | Killed a rakshasa
  9491 | D:10     | Received a gift from Okawaru
  9521 | D:10     | Noticed a satyr
  9675 | D:10     | Killed a satyr
  9676 | D:10     | Reached XP level 12. HP: 70/95 MP: 14/14
  9789 | D:11     | Noticed a death yak
  9860 | D:11     | Noticed a boulder beetle
  9871 | D:11     | Killed a boulder beetle
  9879 | D:11     | Found a gate leading to a gauntlet.
  9898 | Gauntlet | Entered a Gauntlet
  9898 | Gauntlet | Found a transporter.
  9898 | Gauntlet | Found a transporter.
  9975 | Gauntlet | Found a transporter.
  9979 | Gauntlet | Found a transporter.
  9987 | Gauntlet | Found a transporter.
  9998 | Gauntlet | Found a transporter.
 10001 | Gauntlet | Found a runed translucent door.
 10003 | Gauntlet | Found a runed translucent door.
 10009 | Gauntlet | Found a transporter.
 10022 | Gauntlet | Found a transporter.
 10037 | Gauntlet | Noticed a blizzard demon
 10041 | Gauntlet | Found a transporter.
 10045 | Gauntlet | Found a transporter.
 10053 | Gauntlet | Found a transporter.
 10057 | Gauntlet | Found a transporter.
 10058 | Gauntlet | Found a runed translucent door.
 10172 | Gauntlet | Received a gift from Okawaru
 10403 | Gauntlet | Killed a blizzard demon
 10404 | Gauntlet | Reached skill level 5 in Invocations
 10407 | Gauntlet | Identified the amulet "Aturuan" {Acrobat Rampage}
 10486 | Gauntlet | Noticed a minotaur
 10496 | Gauntlet | HP: 3/97 [minotaur/arrow (42)]
 10508 | Gauntlet | Identified a scroll of acquirement
 10508 | Gauntlet | Acquired a +1 vampiric executioner's axe
 10524 | Gauntlet | Killed a minotaur
 10524 | Gauntlet | Received a gift from Okawaru
 10554 | Gauntlet | Identified the staff of cold "Cavudaam" {rPois rC+ Will++
                  | Int-5}
 10797 | D:11     | Noticed a death yak
 10797 | D:11     | Noticed a death yak
 10799 | D:11     | Identified the +1 sling of Zefucs Gaeq {freeze, Will+
                  | Int+2}
 10806 | D:11     | Noticed a death yak
 10808 | D:11     | Noticed a death yak
 10811 | D:11     | Killed a death yak
 10811 | D:11     | Identified the +1 pair of boots "Iggorhyq" {rF- rN++ Will+
                  | Stlth+} (Okawaru gifted it to you on level 11 of the
                  | Dungeon)
 10811 | D:11     | Received a gift from Okawaru
 10811 | D:11     | Killed a death yak
 10811 | D:11     | Noticed a two-headed ogre
 10817 | D:11     | Killed a death yak
 10817 | D:11     | Killed a death yak
 10817 | D:11     | Killed a death yak
 10818 | D:11     | Reached skill level 10 in Fighting
 10823 | D:11     | Killed a two-headed ogre
 10851 | D:11     | Found a staircase to the Lair.
 10967 | D:11     | Learned a level 2 spell: Blink
 11037 | D:11     | Found a staircase to the Orcish Mines.
 11041 | D:11     | Noticed a two-headed ogre
 11046 | D:11     | Killed a two-headed ogre
 11203 | D:12     | Identified the +6 quarterstaff "Guged Axa" {flame, Fly rF+
                  | Dex+3}
 11274 | D:12     | Reached ****** piety under Okawaru
 11503 | D:12     | Noticed a boulder beetle
 11528 | D:12     | Killed a boulder beetle
 11529 | D:12     | Gained mutation: You have a tail ending in a sharp stinger.
                  | [demonic ancestry]
 11529 | D:12     | Reached XP level 13. HP: 82/104 MP: 18/18
 12452 | D:13     | Noticed Frances
 12462 | D:13     | Killed Frances
 12463 | D:13     | Reached skill level 10 in Axes
 12934 | D:14     | Identified the scarf "Yggi" {shadows, Dex+3} (Okawaru
                  | gifted it to you on level 14 of the Dungeon)
 12934 | D:14     | Received a gift from Okawaru
 12945 | D:14     | Slain by a +3 long sword

Illustrated notes

Levels and vault maps discovered:
D:1:      minmay_arrival_widening_spiral_wide, layout_basic
D:2:      layout_rooms, basic_ecumenical_altar, serial_shops,
          nicolae_shop_back_alley_shop
D:3:      layout_basic, elyvilon_altar_3, serial_shops, shop,
          nrook_mini_backslash
D:4:      layout_loops_corners, uniq_ijyb
D:5:      layout_rooms, chequers_temple_overflow_statue_of_worship,
          ebering_ghost_rock_garden
D:6:      layout_basic, portal_sewer_entry_e, uniq_blork_the_orc
D:7:      layout_cave_pools, mainiacjoe_overflow_catwalk,
          minmay_temple_entry_junction, serial_shops, nicolae_shop_crystal,
          shop_fountains, nicolae_shop_tiny_statue_garden,
          nicolae_lava_and_water
D:8:      layout_rooms, serial_shops, shop, grunt_livestock,
          small_statue_intersection, minmay_hollow_rounded_squares, uniq_psyche
D:9:      layout_cave_pools, amcnicky_altar_gilded, kennysheep_generic_room_11
D:10:     minmay_the_grid_triangle_9x9_recursive_2
          [minmay_the_grid_triangle_9x9_prize_center,
          minmay_the_grid_triangle_9x9_sprig,
          minmay_the_grid_triangle_9x9_negative_grid,
          minmay_the_grid_triangle_9x9_semitri], layout_long_grid, serial_shops,
          nicolae_diamond_shop
D:11:     layout_rooms, dpeg_lair_monsters, orc_0_dummy, gauntlet_entry_generic
D:12:     layout_roguey, minivault_10, grunt_ogre_cave,
          minmay_increasing_density
D:13:     layout_rooms, uniq_frances
D:14:     layout_roguey, erik_vaults_1, hangedman_decor_clover_reticule,
          feat_on_display
Temple:   bh_familiar_temple

Skill      XL: |  1  2  3  4  5  6  7  8  9 10 11 12 13 |
---------------+----------------------------------------+-----
Throwing       | 2 3 4 5 6 7 8 9 |  9.0
Axes           | 3 4 5 6 7 8 9 10 | 10.2
Dodging        | 3 4 5 6 7 8 9 |  9.3
Fighting       | 3 4 5 6 8 9 10 | 10.9
Stealth        | 1 2 3 4 5 7 8 |  8.2
Invocations    | 3 7 8 |  8.5
Armour         | 1 3 4 |  4.0

Action                     |  1- 3 |  4- 6 |  7- 9 | 10-12 | 13-15 || total
---------------------------+-------+-------+-------+-------+-------++-------
  Melee: War axe           |    83 |    89 |   220 |    57 |       ||   449
         Punch             |     2 |       |     2 |     6 |       ||    10
         Tailslap          |       |    10 |    27 |    49 |    10 ||    96
         Unarmed           |       |       |     8 |       |       ||     8
         Broad axe         |       |       |       |   164 |       ||   164
         Executioner's axe |       |       |       |    66 |    57 ||   123
  Throw: Javelin           |       |     1 |     1 |    30 |     6 ||    38
         Throwing net      |       |     1 |       |     3 |       ||     4
         Dart              |       |       |     1 |    34 |       ||    35
 Invoke: Heroism           |       |       |       |     2 |       ||     2
  Evoke: Wand              |       |       |     3 |     3 |     1 ||     7
    Use: Potion            |     1 |     4 |     1 |     7 |     1 ||    14
         Scroll            |       |       |     7 |    18 |     3 ||    28
   Stab: Sleeping          |     2 |    10 |    19 |    22 |     1 ||    54
         Distracted        |       |       |     1 |     1 |     1 ||     3
         Held in net/web   |       |       |       |     1 |       ||     1
 Armour: Leather armour    |    23 |    18 |    30 |    56 |    16 ||   143
         Skin              |       |     4 |     6 |       |       ||    10
  Dodge: Dodged            |    57 |    44 |   191 |   252 |    88 ||   632
  Block: Other             |    14 |    15 |    42 |    51 |    19 ||   141
         Reflection        |       |     1 |       |     5 |       ||     6
